 Dungeon Crawl Stone Soup version 0.29.1-13-g9f3cf754e1 (webtiles) character file.

Game seed: 3200189290150744373

135 cheesebisquit the Shooter (level 4, -1/37 HPs)
             Began as a Minotaur Hunter on Jan 23, 2023.
             Slain by an orc
             ... wielding a +0 hand axe of freezing
              (2 damage)
             ... on level 3 of the Dungeon.
             The game lasted 00:04:22 (1634 turns).

cheesebisquit the Shooter (Minotaur Hunter)         Turns: 1634, Time: 00:04:22

Health: -1/37      AC:  5    Str: 15    XL:     4   Next: 96%
Magic:  3/3        EV: 12    Int:  6    God:
Gold:   52         SH:  0    Dex: 16    Spells: 3/3 levels left

rFire   . . .      SeeInvis .   r - +0 arbalest
rCold   . . .      Faith    .   (shield currently unavailable)
rNeg    . . .      Spirit   .   c - +0 leather armour
rPois   .          Reflect  .   (helmet restricted)
rElec   .          Harm     .   (no cloak)
rCorr   .          Rampage  .   (no gloves)
Will    .....                   i - +1 pair of boots
Stlth   +.........              (no amulet)
HPRegen 0.12/turn               (no ring)
MPRegen 0.08/turn               (no ring)

@: no status effects
A: horns 2, retaliatory headbutt
a: no special abilities


You were on level 3 of the Dungeon.
You visited 1 branch of the dungeon, and saw 3 of its levels.

You collected 52 gold pieces.

Inventory:

Hand Weapons
 a - a +0 shortbow
 r - a +0 arbalest (weapon)
Armour
 c - a +0 leather armour (worn)
 i - a +1 pair of boots (worn)
Jewellery
 t - a +4 ring of protection
Scrolls
 b - a scroll of immolation
 e - 4 scrolls of identify {unknown}
 g - a scroll of magic mapping {unknown}
 j - 2 scrolls of teleportation {unknown}
 l - a scroll of silence {unknown}
 m - a scroll of brand weapon {unknown}
 n - a scroll of fear {unknown}
Potions
 d - 2 potions of might {unknown}
 f - 2 potions of brilliance {unknown}
 h - a potion of berserk rage {unknown}
 k - a potion of curing {unknown}
 o - a potion of flight {unknown}
 p - a potion of attraction {unknown}
 q - a potion of magic {unknown}
 s - a potion of ambrosia {unknown}


   Skills:
 - Level 2.4 Fighting
 + Level 6.9 Ranged Weapons
 - Level 2.1 Dodging
 - Level 0.7 Stealth


You had 3 spell levels left.
You didn't know any spells.
Your spell library contained the following spells:

 Spells                   Type           Power      Damage    Failure   Level
 Ozocubu's Armour         Ice            0%         N/A       88%         3
 Metabolic Englaciation   Hex/Ice        0%         N/A       100%        5
 Simulacrum               Ice/Necr       0%         N/A       100%        6


Dungeon Overview and Level Annotations

Branches:
Dungeon (3/15)

Altars:


Innate Abilities, Weirdness & Mutations

You have a pair of horns on your head.
You reflexively headbutt those who attack you in melee.


Message History

The orc misses you. You furiously retaliate!
You headbutt the orc. The orc hits you but does no damage.
Fire: r) +0 arbalest
Press: ? - help, Q - select action Shift-Dir - straight line, f/p - orc
Aim: an orc, wielding a +0 hand axe of freezing (heavily wounded, 59% to hit)
You shoot a bolt. The bolt barely misses the orc.
The orc hits you with a +0 mace. The orc closely misses you.
The orc hits you with a +0 hand axe of freezing.
The orc freezes you.
* * * LOW HITPOINT WARNING * * *
The orc closely misses you.
Fire: r) +0 arbalest
Press: ? - help, Q - select action Shift-Dir - straight line, f/p - orc
Aim: an orc, wielding a +0 hand axe of freezing (heavily wounded, 59% to hit)
You shoot a bolt. The bolt closely misses the orc.
The orc hits you with a +0 hand axe of freezing.
* * * LOW HITPOINT WARNING * * *
The orc freezes you.
* * * LOW HITPOINT WARNING * * *
The orc closely misses you. You furiously retaliate!
You headbutt the orc!
Fire: r) +0 arbalest
Press: ? - help, Q - select action Shift-Dir - straight line, f - orc, p - orc
Aim: an orc, wielding a +0 mace (almost dead, 59% to hit)
You shoot a bolt. The bolt hits the orc!!
You kill the orc!
The orc hits you with a +0 hand axe of freezing.
* * * LOW HITPOINT WARNING * * *
The orc freezes you.
* * * LOW HITPOINT WARNING * * *
The orc barely misses you.
Fire: r) +0 arbalest
Press: ? - help, Q - select action Shift-Dir - straight line, f - orc
Aim: an orc, wielding a +0 hand axe of freezing (heavily wounded, 59% to hit)
You shoot a bolt. The bolt hits the orc.
The orc is severely wounded.
The orc closely misses you.
The orc hits you with a +0 hand axe of freezing.
* * * LOW HITPOINT WARNING * * *
The orc freezes you.
You die...

##..............
#............##. #
#.#..........#
..##.##......#.......
.............#...#...
.....##......#...#..
.... #..........#
....)##).....#..
......o@.....#...
#....$)).....# ..
#............#
#######......#
#......# ########


You could see an orc.

Vanquished Creatures
  Natasha (thrice) (D:3)
  2 adders (D:2)
  A worm (D:2)
  5 orcs (D:3)
  2 ball pythons (D:2)
  An endoplasm (D:1)
  A giant cockroach (D:1)
  2 goblins (D:2)
  3 hobgoblins
  4 jackals (D:2)
  2 quokkas
  2 bats (D:2)
  2 frilled lizards (D:2)
  2 kobolds
  6 rats
38 creatures vanquished.

Notes
Turn   | Place    | Note
-------+----------+-------------------------------------------
     0 | D:1      | cheesebisquit the Minotaur Hunter began the quest for the
                  | Orb.
     0 | D:1      | Reached XP level 1. HP: 18/18 MP: 0/0
   541 | D:2      | Reached XP level 2. HP: 25/25 MP: 1/1
   610 | D:2      | Reached skill level 5 in Ranged Weapons
   673 | D:2      | Reached XP level 3. HP: 27/30 MP: 2/2
  1508 | D:3      | Noticed Natasha
  1511 | D:3      | Killed Natasha
  1512 | D:3      | Reached skill level 6 in Ranged Weapons
  1512 | D:3      | Reached XP level 4. HP: 25/37 MP: 3/3
  1517 | D:3      | Noticed Natasha
  1520 | D:3      | Killed Natasha
  1589 | D:3      | Noticed Natasha
  1591 | D:3      | Killed Natasha
  1634 | D:3      | HP: 1/37 [orc/+0 hand axe of freezing (4)]
  1634 | D:3      | Slain by an orc

Illustrated notes

Levels and vault maps discovered:
D:1:      dpeg_arrival_pits, layout_basic
D:2:      layout_basic, kennysheep_generic_room_7
D:3:      layout_basic, mainiacjoe_overflow_chevrons,
          nicolae_concentric_dashed_squares_wild, uniq_natasha, uniq_ijyb

Skill      XL: |  1  2  3 |
---------------+----------+-----
Ranged Weapons | 5 6 |  6.9
Fighting       | |  2.4
Dodging        | |  2.1
Stealth        | |  0.7

Action                   |  1- 3 |  4- 6 || total
-------------------------+-------+-------++-------
 Fire: Shortbow          |    61 |       ||    61
       Arbalest          |    12 |    24 ||    36
Armor: Leather armour    |     4 |     7 ||    11
Dodge: Dodged            |    17 |    19 ||    36
